 Dungeon Crawl Stone Soup version 0.28.0 (webtiles) character file.

Game seed: 8387389204008821042

90 willcat the Sneak (level 4, -1/28 HPs)
             Began as a Kobold Delver on Feb 5, 2022.
             Slain by an orc (4 damage)
             ... on level 6 of the Dungeon.
             The game lasted 00:00:15 (28 turns).

willcat the Sneak (Kobold Delver)                     Turns: 28, Time: 00:00:16

Health: -1/28      AC:  3    Str:  9    XL:     4   Next: 85%
Magic:  4/4        EV: 15    Int: 11    God:
Gold:   0          SH:  0    Dex: 18    Spells: 3/3 levels left

rFire   . . .      SeeInvis .   a - +0 short sword
rCold   . . .      Faith    .   (no shield)
rNeg    . . .      Spirit   .   b - +0 leather armour
rPois   .          Reflect  .   (no helmet)
rElec   .          Harm     .   (no cloak)
rCorr   .          Rampage  .   (no gloves)
Will    .....                   (no boots)
Stlth   +++++.....              (no amulet)
HPRegen 0.09/turn               (no ring)
MPRegen 0.09/turn               (no ring)

@: no status effects
A: small, no large weapons, nightstalker 3
a: no special abilities


You were on level 6 of the Dungeon.
You visited 1 branch of the dungeon, and saw 2 of its levels.

Inventory:

Hand Weapons
 a - a +0 short sword (weapon)
Armour
 b - a +0 leather armour (worn)
Wands
 g - a wand of digging (3)
Scrolls
 c - a scroll of fog
 d - a scroll of magic mapping
Potions
 f - a potion of haste


   Skills:
 - Level 3.2 Fighting
 + Level 4.1 Short Blades
 + Level 3.8 Dodging
 + Level 7.5 Stealth


You had 3 spell levels left.
You didn't know any spells.
Your spell library was empty.

Dungeon Overview and Level Annotations

Branches:
Dungeon (6/15)
 Temple: D:4-7

Altars:


Innate Abilities, Weirdness & Mutations

You are small and have problems with some larger weapons.
You are completely attuned to the shadows.


Message History

The orc wizard points at you and mumbles some strange words.
The puff of flame misses you.
You see here a +0 hunting sling.
There is a stone staircase leading down here.
As you read the scroll of fear, it crumbles to dust.
You assume a fearsome visage.
The water moccasin looks frightened!
Unknown command.
You climb downwards.
There is a stone staircase leading up here.
Unknown command.
There are monsters nearby!
A black bear comes into view.
The helpless sky beast fails to defend itself.
You impale the sky beast!!
The sky beast is almost dead.
The sky beast flickers out of sight!
Deactivating autopickup; reactivate with Ctrl-A.
Something hits you. Something shocks you.
Unknown command.
The orc hits you with a +0 mace.
* * * LOW HITPOINT WARNING * * *
There is a stone staircase leading up here.
You closely miss something. The orc closely misses you.
You hit something.
Reactivating autopickup.
You feel a bit more experienced. The orc barely misses you.
Your Short Blades skill gained 2 levels and is now at level 4!
Your Dodging skill increases to level 3!
Your Stealth skill increases to level 7!
You have reached level 2!
You have reached level 3!
Your experience leads to an increase in your attributes!
Increase (S)trength, (I)ntelligence, or (D)exterity?
You feel agile. x2
You have reached level 4!
The orc hits you with a +0 mace!
* * * LOW HITPOINT WARNING * * *
The orc closely misses you.
You closely miss the orc. The orc hits you with a +0 mace.
You die...

......##
......h
......
.....#
#..#
#@o####.
##..#....
..........
###.######
#.#. ..


You could see a black bear (asleep) and an orc.

Vanquished Creatures
  A sky beast (D:6)
1 creature vanquished.

Notes
Turn   | Place    | Note
-------+----------+-------------------------------------------
     0 | D:5      | willcat the Kobold Delver began the quest for the Orb.
     0 | D:5      | Reached XP level 1. HP: 14/14 MP: 1/1
     8 | D:5      | Noticed an orc wizard
     8 | D:5      | Noticed a water moccasin
    18 | D:6      | Noticed a sky beast
    19 | D:6      | Noticed a black bear
    23 | D:6      | Killed a sky beast
    24 | D:6      | Reached skill level 7 in Stealth
    24 | D:6      | Reached XP level 2. HP: 6/19 MP: 2/2
    24 | D:6      | Reached XP level 3. HP: 8/23 MP: 3/3
    24 | D:6      | Reached XP level 4. HP: 9/28 MP: 4/4
    28 | D:6      | Slain by an orc

Illustrated notes

Levels and vault maps discovered:
D:5:      layout_rooms
D:6:      hellmonk_crumbling_castle, layout_rooms,
          minmay_temple_entry_gardened_gates, uniq_maggie

Skill      XL: |  1 |
---------------+----+-----
Short Blades   | 4 |  4.1
Dodging        | 3 |  3.8
Stealth        | 7 |  7.5
Fighting       | |  3.2

Action                   |  1- 3 |  4- 6 || total
-------------------------+-------+-------++-------
Melee: Short sword       |     3 |     1 ||     4
  Use: Scroll            |     1 |       ||     1
 Stab: Sleeping          |     1 |       ||     1
Dodge: Dodged            |     3 |     1 ||     4
